 Dungeon Crawl Stone Soup version 0.32-a0-18-g89e19f1974 (webtiles) character file.

Game seed: 12578842418358248215

174 bobo the Ruffian (level 5, -2/36 HPs)
             Began as an Octopode Shapeshifter on Jan 16, 2024.
             Slain by a cerulean imp
             ... wielding a +1 spear
             ... summoned by Natasha
              (7 damage)
             ... on level 3 of the Dungeon.
             The game lasted 00:07:03 (2264 turns).

bobo the Ruffian (Octopode Shapeshifter)            Turns: 2264, Time: 00:07:03

Health: -2/36      AC:  1    Str: 15    XL:     5   Next: 54%
Magic:  5/5        EV: 13    Int: 12    God:
Gold:   157        SH:  0    Dex: 12    Spells: 4/4 levels left

rFire   . .          .
                       - Unarmed
rCold   . . .        (no shield)
rNeg    . . .        (helmet currently unavailable)
rPois   .            (no amulet)
rElec   .            (no ring)
rCorr   .            (no ring)
SInv    .            (no ring)
Will    .....        (no ring)
Stlth   +++          (no ring)
HPRegen 0.26/turn    (no ring)
MPRegen 0.09/turn    (no ring)
                     (no ring)

%: no passive effects
@: beast-form
A: beast (slay +2), almost no armour, amphibious, 8 rings, camouflage 1,
gelatinous body 1, (nimble swimmer 1), tentacles
a: Begin Untransformation


You were on level 3 of the Dungeon.
You were a hulking beast.
You visited 1 branch of the dungeon, and saw 3 of its levels.

You collected 157 gold pieces.

Inventory:

Missiles
 k - 3 atropa-tipped darts
 p - 2 boomerangs (quivered)
Talismans
 b - a beast talisman
 c - a flux talisman
Scrolls
 d - a scroll of noise {unknown}
 e - a scroll of fear {unknown}
 f - 3 scrolls of teleportation {unknown}
 g - a scroll of amnesia {unknown}
 h - 4 scrolls of identify {unknown}
 i - a scroll of blinking {unknown}
 j - a scroll of fog {unknown}
 l - a scroll of acquirement {unknown}
 q - a scroll of enchant weapon {unknown}
Potions
 a - a potion of lignification
 m - a potion of resistance {unknown}
 n - a potion of heal wounds {unknown}
 o - 5 potions of curing {unknown}


   Skills:
 * Level 3.0 Fighting
 + Level 0.3 Throwing
 - Level 2.0 Dodging
 - Level 2.7 Stealth
 * Level 4.1 Unarmed Combat
 + Level 3.5 Shapeshifting


You had 4 spell levels left.
You didn't know any spells.
Your spell library contained the following spells:

 Spells                   Type           Power      Damage    Failure   Level
 Hailstorm                Conj/Ice       0%         3d5       69%         3
 Summon Ice Beast         Ice/Summ       0%         N/A       69%         3
 Vhi's Electric Charge    Tloc/Air       0%         N/A       97%         4
 Arcjolt                  Conj/Air       0%         1d10      100%        5
 Plasma Beam              Fire/Air       0%         2x1d10    100%        6
 Sculpt Simulacrum        Ice/Alch       0%         N/A       100%        6


Dungeon Overview and Level Annotations

Branches:
Dungeon (3/15)

Altars:

Shops:
D:3 (

Annotations:
D:3 Natasha


Innate Abilities, Weirdness & Mutations

You are a hulking beast.
Your limbs bulge with bestial killing power. (Slay +2)
You cannot wear most types of armour.
You are amphibious.
You can wear up to eight rings at the same time.
Your skin changes colour to match your surroundings (Stealth+).
Your rubbery body absorbs attacks. (AC +1, EV +1)
((You are camouflaged when in or above water. (Stealth+)))
You have tentacles for arms and can constrict up to eight enemies at once.


Message History

Natasha hisses angrily.
Natasha is no longer blind.
Natasha casts a spell at you. You resist with some effort.
Natasha casts a spell.
Throw: 4 darts (atropa)
Press: ? - help, Shift-Dir - straight line, f/p - Natasha
Aim: Natasha (50% to hit, chance to blind on hit: 83%)
You throw an atropa-tipped dart. The atropa-tipped dart hits Natasha.
Natasha appears confused.
The cerulean imp hits you from afar with a +1 spear.
Natasha seems less confused.
The cerulean imp hits you with a +1 spear.
Natasha claws you!
The cerulean imp hits you with a +1 spear.
You see here an atropa-tipped dart.
You tentacle-slap Natasha. Your grab misses Natasha.
Natasha is lightly wounded.
Natasha barely misses you.
You barely miss Natasha. Your grab misses Natasha. Your squeeze misses Natasha.
Natasha is lightly wounded.
Natasha is no longer blind.
The cerulean imp hits you with a +1 spear.
Natasha claws you but does no damage.
You tentacle-slap Natasha. You grab Natasha.
Natasha is lightly wounded.
You constrict Natasha.
The cerulean imp hits you with a +1 spear.
Natasha barely misses you.
You completely miss Natasha.
Natasha is moderately wounded.
You constrict Natasha, but do no damage.
The cerulean imp hits you with a +1 spear.
Natasha claws you!
* * * LOW HITPOINT WARNING * * *
You tentacle-slap Natasha.
Natasha is heavily wounded.
You constrict Natasha.
The cerulean imp hits you with a +1 spear!
You die...

#.#########.##.##...# ##.'..
#...........##.###.#####..#..
###########.##.###.###..#####
#.##....##..###....
#.##......### ####.
##)..<...#### ###.
###########...#.##.##.# #...
#.......<...h5.....##.# #†#.
#.#####......h....###.# #.#.
#.# #.####.##.#(# #.# #.#.
#.# #.# #.##.#.# #.# #.#. #.#
#.# #.##.#.# #.# #.#. #.# #.#
#.##.#.# #.#####.#. #.# #.#
#.##.#.###.......#.
####.#####.#
#.##.#.##..........
#.......##.# #.
#.#.##.######### #.......##.#
#.##.#.#...#


You could see Natasha and a cerulean imp (summoned).

Vanquished Creatures
  Terence (D:3)
  Natasha (twice) (D:3)
  An iguana (D:3)
  2 adders (D:3)
  A ribbon worm (D:3)
  4 dart slugs
  6 endoplasms
  3 giant cockroaches
  10 goblins
  A hobgoblin (D:1)
  9 kobolds
  A quokka (D:1)
  4 ball pythons
  A bat (D:3)
  3 frilled lizards
  3 rats
52 creatures vanquished.

Notes
Turn   | Place    | Note
-------+----------+-------------------------------------------
     0 | D:1      | bobo the Octopode Shapeshifter began the quest for the Orb.
     0 | D:1      | Reached XP level 1. HP: 13/13 MP: 1/1
   210 | D:1      | Reached skill level 1 in Stealth
   210 | D:1      | Reached XP level 2. HP: 18/18 MP: 2/2
   530 | D:1      | Reached XP level 3. HP: 20/23 MP: 3/3
  1586 | D:3      | Reached XP level 4. HP: 27/30 MP: 4/4
  1750 | D:3      | Found Jaum's Weapon Shop.
  1789 | D:3      | Noticed Natasha
  1798 | D:3      | Killed Natasha
  1988 | D:3      | Noticed Natasha
  1997 | D:3      | Killed Natasha
  1998 | D:3      | Reached skill level 4 in Unarmed Combat
  1998 | D:3      | Reached XP level 5. HP: 13/36 MP: 5/5
  2130 | D:3      | Noticed Terence
  2144 | D:3      | Killed Terence
  2250 | D:3      | Noticed Natasha
  2264 | D:3      | Slain by a cerulean imp

Illustrated notes

Levels and vault maps discovered:
D:1:      amcnicky_arrival_blooded_trapdoor, layout_basic
D:2:      layout_loops_ring
D:3:      layout_loops_ring, serial_shops, nicolae_shop_hallway_plus,
          grunt_decor_clamped, wander_ebering_terrifying_dragon_lair,
          uniq_natasha, uniq_terence

Skill      XL: |  1  2  3  4  5 |
---------------+----------------+-----
Stealth        | 1 2 |  2.7
Fighting       | 2 3 |  3.0
Unarmed Combat | 4 |  4.1
Throwing       | |  0.3
Dodging        | |  2.0
Shapeshifting  | |  3.5

Action                     |  1- 3 |  4- 6 || total
---------------------------+-------+-------++-------
  Melee: Unarmed           |    57 |    32 ||    89
         Constrict         |    13 |     8 ||    21
         Tentacles         |     8 |     4 ||    12
         Punch             |     1 |     1 ||     2
  Throw: Stone             |    26 |       ||    26
         Dart              |       |     6 ||     6
         Boomerang         |       |     2 ||     2
   Stab: Sleeping          |    11 |     3 ||    14
         Distracted        |     1 |       ||     1
         Invisible         |       |     2 ||     2
 Armour: Skin              |    14 |    20 ||    34
  Dodge: Dodged            |    24 |    12 ||    36

Table legend: (Time is in decaauts)
 A = Elapsed time spent in this place.
 B = Non-inter-level travel time spent in this place.
 C = Inter-level travel time spent in this place.
 D = Time resting spent in this place.
 E = Time spent auto-exploring this place.
 F = Levels seen in this place.
 G = Mean time per level.
                   A        B        C        D        E       F      G
               +--------+--------+--------+--------+--------+-----+--------+
         Total |   2260 |   2106 |    154 |      0 |   1750 |   3 |  753.3 |
       Dungeon |   2260 |   2106 |    154 |      0 |   1750 |   3 |  753.3 |
               +--------+--------+--------+--------+--------+-----+--------+

Top non-repeatable levels by time:
     D:1: 851 daAuts
     D:3: 742 daAuts
     D:2: 667 daAuts
